[Event "XXXVIII Benasque Open 2018"]
[Site "Benasque"]
[Date "2018.07.11"]
[Round "7"]
[White "Iturrizaga Bonelli, Eduardo"]
[Black "Nasuta, Grzegorz"]
[Result "1-0"]
[ECO "A20"]
[WhiteElo "2652"]
[BlackElo "2491"]
[Annotator "ChessBase"]
[PlyCount "77"]
[EventDate "2018.07.05"]
[EventType "swiss"]
[EventCountry "ESP"]
[SourceTitle "playchess.com"]
[Source "ChessBase"]
[SourceQuality "1"]
[TimeControl "5400+30"]

1. c4 e5 2. g3 Nf6 3. Bg2 d5 4. cxd5 Nxd5 5. Nf3 Nc6 6. O-O Be7 7. d4 e4 8. Ne5 f5 9. Nxc6 bxc6 10. Qc2 Be6 11. Qxc6+ Kf7 12. f3 e3 13. Nc3 Nb4 14. Qa4 Qxd4 15. a3 Bd7 16. Qd1 Qxd1 17. Rxd1 Nc2 18. Rxd7 Nxa1 19. Nd5 Rhe8 20. f4 Rad8 21. Rxc7 Rc8 22. Bxe3 Rxc7 23. Nxc7 Rc8 24. Bd5+ Kg6 25. Ne6 a5 26. Kf2 Nc2 27. Bd2 Bf6 28. Bxa5 Bxb2 29. a4 Bc3 30. Bb6 Nb4 31. e4 fxe4 32. Bxe4+ Kf6 33. Ng5 h6 34. Bb7 Rb8 35. Ne4+ Ke6 36. a5 Kf7 37. Ba7 Rd8 38. Nxc3 Rd7 39. Nb5 1-0

[Event "XXXVIII Benasque Open 2018"]
[Site "Benasque"]
[Date "2018.07.11"]
[Round "7"]
[White "Banusz, Tamas"]
[Black "Ubilava, Elizbar"]
[Result "1-0"]
[ECO "E68"]
[WhiteElo "2607"]
[BlackElo "2478"]
[Annotator "ChessBase"]
[PlyCount "81"]
[EventDate "2018.07.05"]
[EventType "swiss"]
[EventCountry "ESP"]
[SourceTitle "playchess.com"]
[Source "ChessBase"]
[SourceQuality "1"]
[TimeControl "5400+30"]

1. Nf3 Nf6 2. c4 d6 3. d4 g6 4. g3 Bg7 5. Bg2 O-O 6. Nc3 Nbd7 7. O-O e5 8. e4 a6 9. Qc2 c6 10. Rd1 Qe7 11. h3 b5 12. c5 dxc5 13. dxe5 Nxe5 14. Nxe5 Qxe5 15. Bf4 Qh5 16. e5 Nd5 17. Nxd5 cxd5 18. g4 Qh4 19. Qxc5 Be6 20. Qe3 Qd8 21. Rd2 Qa5 22. Bxd5 Rad8 23. Bxe6 fxe6 24. Rxd8 Rxd8 25. a3 Qa4 26. Rc1 Qd4 27. Qxd4 Rxd4 28. Be3 Re4 29. b4 Bxe5 30. Rc6 Bd4 31. Bxd4 Rxd4 32. Rxa6 Kf7 33. Ra7+ Kg8 34. Kg2 h5 35. Kg3 hxg4 36. hxg4 g5 37. f3 Rd3 38. Rb7 Rd5 39. Kf2 Kf8 40. Ke3 Ke8 41. Rc7 1-0

[Event "XXXVIII Benasque Open 2018"]
[Site "Benasque"]
[Date "2018.07.11"]
[Round "7"]
[White "Chigaev, Maksim"]
[Black "Munguntuul, Batkhuyag"]
[Result "1-0"]
[ECO "B48"]
[WhiteElo "2582"]
[BlackElo "2417"]
[Annotator "RC"]
[PlyCount "101"]
[EventDate "2018.07.05"]
[EventType "swiss"]
[EventCountry "ESP"]
[SourceTitle "playchess.com"]
[Source "ChessBase"]
[SourceQuality "1"]
[TimeControl "5400+30"]

1. e4 c5 2. Nf3 e6 3. d4 cxd4 4. Nxd4 Nc6 5. Nc3 Qc7 6. Be3 a6 7. Qd2 Nf6 8. O-O-O Bb4 9. f3 O-O 10. a3 Be7 11. g4 b5 12. h4 Bb7 13. h5 Nxd4 14. Bxd4 e5 15. Qh2 Bd6 16. Be3 Bxa3 17. Rd3 Bc5 18. Bxc5 Qxc5 19. g5 Ne8 20. h6 g6 21. Rxd7 Bc6 22. Nd5 Bxd5 23. Rxd5 Qe3+ 24. Qd2 Qxf3 25. Bg2 Qf4 26. Rf1 Qxd2+ 27. Kxd2 Nc7 28. Rxe5 Rfe8 29. Rxe8+ Rxe8 30. Ke3 Re5 31. Kf4 Rc5 32. Bh3 Rxc2 33. Rd1 Kf8 34. b4 Rc4 35. Ke5 Ne8 36. Rd8 Ke7 37. Rd7+ Kf8 38. Ra7 Nc7 39. Bc8 Rc6 40. Bd7 Rc1 41. Kd6 Ne8+ 42. Bxe8 Rd1+ 43. Ke5 Kxe8 44. Kf6 Rd4 45. Kg7 Rxb4 46. Kxh7 Kf8 47. Ra8+ Ke7 48. Kg7 Rxe4 49. h7 Rh4 50. Rxa6 b4 51. Rb6 1-0

[Event "XXXVIII Benasque Open 2018"]
[Site "Benasque"]
[Date "2018.07.11"]
[Round "7"]
[White "Kharitonov, Alexandr"]
[Black "Vocaturo, Daniele"]
[Result "1/2-1/2"]
[ECO "E32"]
[WhiteElo "2564"]
[BlackElo "2609"]
[Annotator "ChessBase"]
[PlyCount "57"]
[EventDate "2018.07.05"]
[EventType "swiss"]
[EventCountry "ESP"]
[SourceTitle "playchess.com"]
[Source "ChessBase"]
[SourceQuality "1"]
[TimeControl "5400+30"]

1. d4 Nf6 2. c4 e6 3. Nc3 Bb4 4. Qc2 O-O 5. a3 Bxc3+ 6. Qxc3 d5 7. Nf3 dxc4 8. Qxc4 b6 9. Bg5 Ba6 10. Qa4 c5 11. dxc5 bxc5 12. Rc1 Qb6 13. Bxf6 gxf6 14. Rc2 Rd8 15. e3 Bxf1 16. Rxf1 Nc6 17. Ke2 Na5 18. b4 cxb4 19. axb4 Qd6 20. Rd2 Qc6 21. Rxd8+ Rxd8 22. Qxc6 Nxc6 23. b5 Ne7 24. Nd4 Rd5 25. Rc1 Nf5 26. Nxf5 Rxf5 27. Rc8+ Kg7 28. Rb8 Rd5 29. Rb7 1/2-1/2

[Event "XXXVIII Benasque Open 2018"]
[Site "Benasque"]
[Date "2018.07.11"]
[Round "7"]
[White "Zoler, Dan"]
[Black "Lalic, Bogdan"]
[Result "1/2-1/2"]
[ECO "D80"]
[WhiteElo "2506"]
[BlackElo "2394"]
[Annotator "ChessBase"]
[PlyCount "48"]
[EventDate "2018.07.05"]
[EventType "swiss"]
[EventCountry "ESP"]
[SourceTitle "playchess.com"]
[Source "ChessBase"]
[SourceQuality "1"]
[TimeControl "5400+30"]

1. d4 Nf6 2. c4 g6 3. Nc3 d5 4. e3 Bg7 5. cxd5 Nxd5 6. Nxd5 Qxd5 7. Ne2 O-O 8. Nc3 Qd6 9. Be2 c6 10. O-O Nd7 11. Ne4 Qc7 12. Qc2 Nf6 13. Nxf6+ Bxf6 14. Bd2 Rd8 15. Bf3 Be6 16. Rac1 Qb6 17. b4 Bd5 18. Bg4 Bg7 19. a4 f5 20. Be2 e5 21. dxe5 Bxe5 22. Rfd1 Qc7 23. f4 Bg7 24. b5 Qe7 1/2-1/2